Unix NetHack Version 5.0.0-0 post-release - last build May  4 2026 22:22:43 (774f63e81ad911689b3a0859ea89b322d5daca8d,branch:main).

Game began 2026-05-07 08:42:23, ended 2026-05-07 09:16:51.

1212468021121, lawful female dwarven Valkyrie

                                  ---------------                       ------
                                  ..............|         -------       |....|
                                  |....^........|         |...>.|       |..(.|
                                  +..............        #....{.|      #....{|
                                  ---------.-----        #|....M|      #------
                                           #q@#          #|.....|      #
                                              ##         #|.....|     ##
                                               #        ##|.....-#    #
                                               #        # -------#   ##
                                               #      ###        #   #
                                      ---------.---   # #        #   #
                                      ....<.......|   # #        #   #
                                      |...........|  ## ##*#  ####   #
                                      |...........|###     #  #------#
                                      |...........|#       ####....).#
                                      |...{.[.....|#         # |....|
                                      |...........-#           .....|
                                      -------------            ----#-

1212468021121 the Skirmisher  St:18/05 Dx:13 Co:12 In:9 Wi:10 Ch:9  Lawful
Dlvl:5  $:65 HP:0(30) Pw:6(6) AC:6  Xp:4 T:1764 

Latest messages:
 The rothe hits!
 The rothe misses!
 The rothe bites!
 The rothe hits!
 The rothe bites!
 The rothe bites again!
 You hit the rothe!
 The rothe turns to flee.
 You see here 5 gold pieces.
 $ - 5 gold pieces (65 in total).
 This door is locked.
 This door is locked.
 This door is locked.
 This door is locked.
 This door is locked.
 This door is locked.
 This door is locked.
 This door is locked.
 This door is locked.
 This door is locked.
 This door is locked.
 This door is locked.
 This door is locked.
 The kitten bites the dwarf zombie.
 The dwarf zombie hits the kitten.
 You already found a monster.  Use 'm' prefix to force another search.
 You already found a monster.  Use 'm' prefix to force another search.
 You swap places with your kitten.
 You stop.  Your kitten is in the way!
 You swap places with your kitten.
 A gush of water hits the kitten's right foreleg!
 You swap places with your kitten.
 The rothe misses!
 The rothe misses!
 The rothe bites!
 The rothe hits!
 The rothe bites!
 The rothe bites again!
 The kitten misses the rothe.
 It misses the rothe.
 You hit the rothe.
 The rothe hits!
 The rothe just misses!
 The rothe bites!
 You die...
 Do you want your possessions identified? [ynq] (y) y
 Do you want to see your attributes? [ynq] (y) y
 Do you want an account of creatures vanquished? [ynaq] (y) y
 Do you want to see your conduct and achievements? [ynq] (y) y
 Do you want to see the dungeon overview? [ynq] (y) y

Inventory:
 Coins    ('$')
  $ - 65 gold pieces
 Weapons  (')')
  p - a +0 crossbow
  b - a blessed +0 dagger (alternate weapon; not wielded)
  a - a +0 dwarvish spear
  i - 2 +0 orcish daggers (wielded)
 Armor    ('[')
  h - an uncursed +0 orcish helm
  m - an uncursed +0 orcish helm
  c - an uncursed +3 small shield (being worn)
  l - an uncursed +0 cloak of protection
  g - an uncursed +0 chain mail
 Comestibles  ('%')
  d - 4 uncursed food rations
 Scrolls  ('?')
  n - an uncursed scroll of light
 Potions  ('!')
  q - an uncursed potion of levitation
  k - a cursed potion of sickness
 Tools    ('(')
  o - an uncursed leash (attached to your kitten)
  r - an uncursed magic whistle
 Gems/Stones  ('*')
  f - an uncursed worthless piece of yellowish brown glass

1212468021121 the Valkyrie's attributes:

Background:
 You were a Skirmisher, a level 4 dwarven Valkyrie.
 You were lawful, on a mission for Tyr
 who was opposed by Odin (neutral) and Loki (chaotic).
 You were right-handed.
 You were in the Dungeons of Doom, on level 5.
 You entered the dungeon 1764 turns ago.
 You had 128 experience points, 32 more were needed to attain level 5.

Basics:
 You had 0 out of 30 hit points.
 You had all 6 energy points (spell power).
 Your armor class was 6.
 Your wallet contained 65 zorkmids.
 Autopickup was off.

Final Characteristics:
 Your strength was 18/05 (limit:18/100).
 Your dexterity was 13 (limit:20).
 Your constitution was 12 (limit:20).
 Your intelligence was 9 (limit:16).
 Your wisdom was 10 (limit:16).
 Your charisma was 9 (limit:16).

Final Status:
 You weren't hungry.
 You were unencumbered.
 You were wielding daggers.
 You had basic skill with dagger.

Final Attributes:
 You were devoutly aligned.
 You were cold resistant.
 You had infravision.
 You were stealthy.
 You are dead.

Miscellaneous:
 You didn't encounter any bones levels.
 Total elapsed playing time was 34 minutes and 27 seconds.

Major events:
 Turn
    1: 1212468021121 the lawful dwarven Valkyrie entered the dungeon
 1247: attained the rank of Skirmisher (level 3)
 1764: killed by a rothe

You didn't know any spells.

Skills:
 Fighting Skills
   bare handed combat [Unskilled]
   two weapon combat  [Unskilled]
   riding             [Unskilled]
 Weapon Skills
   dagger             [Basic]
   axe                [Unskilled]
   pick-axe           [Unskilled]
   short sword        [Unskilled]
   broadsword         [Unskilled]
   long sword         [Unskilled]
   two-handed sword   [Unskilled]
   saber              [Unskilled]
   hammer             [Unskilled]
   quarterstaff       [Unskilled]
   polearms           [Unskilled]
   spear              [Basic]
   trident            [Unskilled]
   lance              [Unskilled]
   sling              [Unskilled]
 Spellcasting Skills
   attack spells      [Unskilled]
   escape spells      [Unskilled]

Voluntary challenges:
 Character rerolling was not enabled.
 You never genocided any monsters.
 You never polymorphed an object.
 You never changed form.
 You used no wishes.
Achievement:
 You attained the rank of Skirmisher.

 The Dungeons of Doom: levels 1 to 5
    Level 1:
       A fountain.
    Level 2:
       A grave.
    Level 3:
       An altar, a fountain.
    Level 4:
       A fountain.
    Level 5: <- You were here.
       Many fountains.
       Final resting place for
          you, killed by a rothe.


Vanquished creatures:
  a small mimic
  a giant ant
  a rothe
  2 giant bats
 an acid blob
  a manes
  a large kobold
  a giant rat
  a gnome zombie
  4 jackals
  a kobold
  3 goblins
  2 sewer rats
  a grid bug
  a bat
  a kobold zombie
  7 newts
30 creatures vanquished.

No species were genocided or became extinct.

Game over:
                       ----------
                      /          \
                     /    REST    \
                    /      IN      \
                   /     PEACE      \
                  /                  \
                  |  1212468021121   |
                  |      65 Au       |
                  |   killed by a    |
                  |      rothe       |
                  |                  |
                  |                  |
                  |       2026       |
                 *|     *  *  *      | *
        _________)/\\_//(\/(/\)/\//\/|_)_______

Farvel 1212468021121 the Valkyrie...

You died in The Dungeons of Doom on dungeon level 5 with 771 points,
and 65 pieces of gold, after 1764 moves.
You were level 4 with a maximum of 30 hit points when you died.

